 Dungeon Crawl Stone Soup version 0.20.1-1-g8b1a95d (webtiles) character file.

56 robertstho the Skirmisher (level 3, -2/35 HPs)
             Began as a Minotaur Berserker on Aug 2, 2017.
             Was a Believer of Trog.
             Slain by an orc
             ... wielding a +0 short sword
              (5 damage)
             ... on level 4 of the Dungeon.
             The game lasted 00:07:58 (1240 turns).

robertstho the Skirmisher (Minotaur Berserker)      Turns: 1240, Time: 00:07:58

Health: -2/35      AC:  3    Str: 21    XL:     3   Next: 71%
Magic:  2/2        EV: 12    Int:  5    God:    Trog [**....]
Gold:   174        SH:  0    Dex:  9    Spells: 2/2 levels left

rFire    . . .     SeeInvis .   a - +0 hand axe
rCold    . . .     Gourm    .   (no shield)
rNeg     . . .     Faith    .   b - +0 animal skin
rPois    .         Spirit   .   (helmet restricted)
rElec    .         Reflect  .   (no cloak)
rCorr    .         Harm     .   (no gloves)
MR       .....                  u - +0 pair of boots
Stlth    +.........             (no amulet)
Regen    0.2/turn               (no ring)
MPRegen  0.1/turn               (no ring)

@: berserk cooldown, slowed, very slow
A: retaliatory headbutt, horns 2
a: Berserk, Trog's Hand, Burn Spellbooks, Renounce Religion


You were on level 4 of the Dungeon.
You worshipped Trog.
Trog was pleased with you.
You were very hungry.

You visited 1 branch of the dungeon, and saw 3 of its levels.

You collected 174 gold pieces.

Inventory:

Hand Weapons
 a - a +0 hand axe (weapon)
Armour
 b - a +0 animal skin (worn)
 h - a +1 pair of boots
 t - a +0 pair of boots
 u - a +0 pair of boots (worn)
Jewellery
 l - an uncursed ring of protection from fire {unknown}
Wands
 s - a wand of acid (8/15)
Scrolls
 e - a scroll of remove curse {unknown}
 g - 2 scrolls of recharging {unknown}
 i - 3 scrolls of enchant weapon {unknown}
 k - 2 scrolls of teleportation
 m - a scroll of magic mapping {unknown}
 o - a scroll of identify {unknown}
 p - a scroll of enchant armour {unknown}
 v - a scroll of fear {unknown}
Potions
 d - a potion of resistance {unknown}
 n - a potion of mutation {unknown}
 q - a potion of agility {unknown}
Comestibles
 c - 3 bread rations
 f - 2 royal jellies
 j - a meat ration


   Skills:
 + Level 4.8 Fighting
 + Level 4.3 Axes
 + Level 2.6 Armour
 + Level 2.5 Dodging


You had 2 spell levels left.
You didn't know any spells.

Dungeon Overview and Level Annotations

Branches:
Dungeon (2/15)

Altars:
Kikubaaqudgha

Annotations:
D:4 zag's ghost, amateur NaIE


Innate Abilities, Weirdness & Mutations

You reflexively headbutt those who attack you in melee.
You have a pair of horns on your head.


Message History

You are exhausted.
You feel yourself slow down.
Found 12 gold pieces.
You see here 6 gold pieces.
It was a potion of curing.
You feel better.
As you read the scroll labeled LIDU RE RUORAM, it crumbles to dust.
You feel strangely unstable.
It was a scroll of teleportation.
Zag's ghost gestures at you while chanting.
The puff of frost hits you!
* * * LOW HITPOINT WARNING * * *
You feel better.
Your surroundings seem slightly different.
A gnoll comes into view. It is wielding a spear.
An orc comes into view. It is wielding a short sword.
Zag's ghost screams, "Don't try to defend!
You have no chance!"
Zag's ghost points at you and mumbles some strange words.
The puff of frost hits you!
* * * LOW HITPOINT WARNING * * *
The orc hits you with a short sword.
You die...

... #.# . #.###.#.#
#...#.#.# ###...(.#
#.......#
#.#.....##### .
...#.$......$ #.##
#.##.#.##.##.##.....
#....#.#.#.##@o..#.#
..........(.........#
..#....#.#.#..####.###
..........##..# ..
##.# #.# #..# ## #. ##
#..# #..# #..# #...


You could see an orc.

Vanquished Creatures
  An adder (D:2)
  2 worms (D:2)
  A dart slug (D:1)
  2 leopard geckos
  4 ball pythons (D:1)
  4 bats
  A giant cockroach (D:2)
  5 goblins
  5 hobgoblins
  A kobold (D:2)
  A quokka (D:2)
  2 frilled lizards (D:1)
  8 rats
37 creatures vanquished.

Notes
Turn   | Place    | Note
-------+----------+-------------------------------------------
     0 | D:1      | robertstho the Minotaur Berserker began the quest for the Orb.
     0 | D:1      | Reached XP level 1. HP: 19/19 MP: 0/0
   135 | D:1      | Reached XP level 2. HP: 19/27 MP: 1/1
   681 | D:2      | Found an ancient bone altar of Kikubaaqudgha.
   730 | D:2      | Reached XP level 3. HP: 33/34 MP: 2/2
   813 | D:2      | Reached ** piety under Trog
  1154 | D:2      | You fall through a shaft for 2 floors!
  1220 | D:4      | Noticed zag's ghost (amateur NaIE)
  1240 | D:4      | Slain by an orc

Skill      XL: |  1  2 |
---------------+-------+-----
Fighting       | 4 |  4.8
Axes           | 4 |  4.3
Armour         | |  2.6
Dodging        | |  2.5

Action                   || total
-------------------------++-------
Melee: Hand axe          ||    70
       Headbutt          ||    14
Invok: Berserk           ||     1
  Use: Potion            ||     2
       Scroll            ||     1
  Eat: Chunk             ||     1
Armor: Animal skin       ||    16
Dodge: Dodged            ||    40
